 Dungeon Crawl Stone Soup version 0.31-a0-145-g046c7d2549 (webtiles) character file.

Game seed: 2551961998676135366

7 qw the Shooter (level 1, -2/18 HPs)
             Began as a Minotaur Hunter on June 7, 2023.
             Slain by a hobgoblin (3 damage)
             ... on level 1 of the Dungeon.
             The game lasted 00:00:02 (101 turns).

qw the Shooter (Minotaur Hunter)                     Turns: 101, Time: 00:00:03

Health: -2/18      AC:  3    Str: 15    XL:     1   Next: 91%
Magic:  0/0        EV: 12    Int:  6    God:
Gold:   36         SH:  0    Dex: 13    Spells: 0/0 levels left

rFire   . . .        a - +0 shortbow
rCold   . . .        (shield currently unavailable)
rNeg    . . .        c - +0 leather armour
rPois   .            (helmet restricted)
rElec   .            (no cloak)
rCorr   .            (no gloves)
SInv    .            (no boots)
Will    .....        (no amulet)
Stlth   +            (no ring)
HPRegen 0.23/turn    (no ring)
MPRegen 0.07/turn

%: no passive effects
@: no status effects
A: horns 2, retaliatory headbutt
a: no special abilities


You were on level 1 of the Dungeon.
You visited 1 branch of the dungeon, and saw 1 of its levels.

You collected 36 gold pieces.


Innate Abilities, Weirdness & Mutations

You have a pair of horns on your head.
You reflexively headbutt those who attack you in melee.


   Skills:
 - Level 2.4 Fighting
 + Level 4.9 Ranged Weapons
 - Level 2.1 Dodging
 - Level 0.7 Stealth


You couldn't memorise any spells.
You didn't know any spells.
Your spell library was empty.

Inventory:

Hand Weapons
 a - a +0 shortbow (weapon)
Armour
 c - a +0 leather armour (worn)
Jewellery
 d - a ring of poison resistance
Scrolls
 b - a scroll of butterflies
 e - a scroll of torment {unknown}

Dungeon Overview and Level Annotations

Branches:
Dungeon (1/15)

Altars:


Message History

You furiously retaliate!
You headbutt the quokka!
You kill the quokka!
The frilled lizard barely misses you. The rat barely misses you.
You shoot an arrow.
The arrow hits the rat but does no damage.
The bat barely misses you.
The frilled lizard bites you but does no damage.
The rat bites you but does no damage.
A hobgoblin comes into view.
The goblin hits you with a +0 dagger. The goblin barely misses you.
You furiously retaliate!
You headbutt the goblin!
You kill the goblin!
The frilled lizard barely misses you. The hobgoblin barely misses you.
You furiously retaliate!
You headbutt the hobgoblin. The rat barely misses you.
The hobgoblin moves out of view.
You shoot an arrow. The arrow barely misses the hobgoblin.
The bat misses you.
The frilled lizard bites you but does no damage.
The rat bites you but does no damage.
You shoot an arrow. The arrow barely misses the hobgoblin.
The bat closely misses you. You furiously retaliate!
You headbutt the bat.
You kill the bat!
A bat comes into view.
The bat hits you but does no damage. The frilled lizard bites you.
The hobgoblin barely misses you. The rat bites you but does no damage.
You shoot an arrow. The arrow hits the hobgoblin.
You kill the hobgoblin!
The bat misses you. You furiously retaliate!
You headbutt the bat. The rat barely misses you.
The frilled lizard barely misses you.
You shoot an arrow.
The arrow hits the hobgoblin but does no damage.
The bat closely misses you. You furiously retaliate!
You headbutt the bat. The bat closely misses you. You furiously retaliate!
You headbutt the bat. The rat bites you. The frilled lizard misses you.
The hobgoblin misses you. The bat hits you but does no damage.
You shoot an arrow. The arrow misses the bat.
The bat hits you but does no damage. The bat hits you.
The rat barely misses you. The frilled lizard bites you.
The hobgoblin barely misses you. The hobgoblin hits you.
You die...

###...#######
#......... .#
####.#####.. #.#
#..)........
#..##
#....###.###
....
#....#.....#...#
#....#....b#...#
#........l)g.#
#....#...r@#
#.[..#...%.#
####.###.###
#....).. #####
.#. .


You could see a hobgoblin, a bat, a frilled lizard and a rat.

Vanquished Creatures
  An endoplasm (D:1)
  A goblin (D:1)
  A hobgoblin (D:1)
  A kobold (D:1)
  A quokka (D:1)
  A bat (D:1)
6 creatures vanquished.

Notes
Turn   | Place    | Note
-------+----------+-------------------------------------------
     0 | D:1      | qw the Minotaur Hunter began the quest for the Orb.
     0 | D:1      | Reached XP level 1. HP: 18/18 MP: 0/0
     0 | D:1      | 0 ||| qw: Version: 0.2-a-117-gc6b5c8b
     0 | D:1      | 0 ||| qw: Game counter: 2458
     0 | D:1      | 0 ||| qw: Always use a shield: true
     0 | D:1      | 0 ||| qw: God list: Okawaru
     0 | D:1      | 0 ||| qw: Allow faded altars: false
     0 | D:1      | 0 ||| qw: Do Orc after D:15 true
     0 | D:1      | 0 ||| qw: Do second Lair branch before Depths: true
     0 | D:1      | 0 ||| qw: Lair rune preference: random
     0 | D:1      | 0 ||| qw: Plans: Normal
     0 | D:1      | 0 ||| PLANNING D:1-11
    98 | D:1      | HP: 4/18 [frilled lizard (2)]
   101 | D:1      | HP: 1/18 [frilled lizard (1)]
   101 | D:1      | Slain by a hobgoblin

Levels and vault maps discovered:
D:1:      nagdon_arrival_zigzag_paths, layout_rooms, st_stairs_3

Action                     || total
---------------------------++-------
   Fire: Shortbow          ||    14
 Armour: Leather armour    ||    12
  Dodge: Dodged            ||    33

Table legend:
 A = Non-vault XP
 B = Vault XP
 C = Vault XP percentage of total XP
 D = Non-vault monster count
 E = Vault monster count
 F = Vault count percentage of total count
                 A         B        C        D         E       F
            +---------+---------+-------+---------+---------+-------
      Total |       8 |       3 |  27.3 |       4 |       2 |  33.3
            +---------+---------+-------+---------+---------+-------
        D:1 |       8 |       3 |  27.3 |       4 |       2 |  33.3
            +---------+---------+-------+---------+---------+-------
